 Dungeon Crawl Stone Soup version 0.31-a0-1178-gc5c9b8f871 (webtiles) character file.

Game seed: 7009791253263968804

100083 servayboy121 the Executioner (level 15, -10/138 HPs)
             Began as a Minotaur Berserker on Dec 12, 2023.
             Was a High Priest of Trog.
             Mangled by an eight-headed hydra (13 damage)
             ... on level 4 of the Lair of Beasts on Dec 13, 2023.
             The game lasted 00:47:43 (23053 turns).

servayboy121 the Executioner (Minotaur Berserker)  Turns: 23053, Time: 00:47:44

Health: -10/138    AC:  4    Str: 25    XL:     15   Next: 79%
Magic:  8/14       EV: 21    Int:  4    God:    Trog [*****.]
Gold:   1187       SH:  4    Dex: 12    Spells: 14/14 levels left

rFire   . . .        n - +7 quarterstaff (chaos)
rCold   . . .        (shield currently unavailable)
rNeg    + . .        (no body armour)
rPois   .            (helmet restricted)
rElec   .            W - scarf {shadows}
rCorr   .            i - +1 pair of gloves {infuse}
SInv    .            V - +0 pair of boots
Will    +++..        v - amulet of regeneration
Stlth   ++           t - ring of positive energy
HPRegen 2.23/turn    r - +5 ring of evasion
MPRegen 0.14/turn

%: infuse magic (1 MP)
@: strong-willed, regenerating, studying Armour
A: horns 2, retaliatory headbutt, claws 1, large bone plates 1, weak 1,
inability to read after injury 1, noise suppression
a: Renounce Religion, Berserk, Trog's Hand, Brothers in Arms


You were on level 4 of the Lair of Beasts.
You worshipped Trog.
Trog was extremely pleased with you.
You visited 2 branches of the dungeon, and saw 19 of its levels.
You also visited: Bailey and Ice Cave.

You collected 1434 gold pieces.
You spent 247 gold pieces at shops.

Inventory:

Hand Weapons
 c - the +10 war axe "Ucerub" {speed, rElec rPois Will+}
   (You acquired it on level 3 of the Dungeon)

   rElec:     It insulates you from electricity.
   rPois:     It protects you from poison Will+: It increases your willpower.
 n - a +7 quarterstaff of chaos (weapon)
 Z - a +2 hand cannon of freezing
Missiles
 y - 4 throwing nets
 D - 112 poisoned darts
 S - 16 boomerangs (quivered)
Armour
 b - +0 acid dragon scales
 i - a +1 pair of gloves of infusion (worn)
 B - a +2 plate armour
 F - a +0 kite shield
 I - an orb of guile
 U - a +3 scale mail of cold resistance
 V - a +0 pair of boots (worn)
 W - a scarf of shadows (worn)
 Y - +0 ice dragon scales
Jewellery
 g - a ring of fire
 k - a ring of protection from cold
 p - an amulet of reflection
 r - a +5 ring of evasion (right hand)
 s - a ring of poison resistance
 t - a ring of positive energy (left hand)
 v - an amulet of regeneration (around neck)
 N - a ring of ice
 X - a ring of protection from cold
Wands
 f - a wand of polymorph (14)
 j - a wand of quicksilver (19)
 z - a wand of flame (61)
 J - a wand of digging (7)
 O - a wand of charming (14)
 T - a wand of mindburst (5)
Scrolls
 a - 2 scrolls of fog
 d - 10 scrolls of teleportation
 h - 6 scrolls of enchant weapon
 u - 2 scrolls of fear
 C - a scroll of poison {unknown}
 E - 2 scrolls of vulnerability
 K - 2 scrolls of brand weapon
 P - 4 scrolls of identify
 R - 2 scrolls of revelation
Potions
 e - 10 potions of curing
 l - a potion of ambrosia
 m - 2 potions of magic
 o - a potion of degeneration
 q - 4 potions of invisibility
 w - 2 potions of brilliance
 x - 3 potions of haste
 A - 2 potions of lignification
 G - 3 potions of enlightenment
 H - a potion of resistance
 L - 3 potions of heal wounds
 M - a potion of cancellation
 Q - a potion of might


   Skills:
 + Level 14.3 Fighting
 * Level 22.1 Axes
 - Level 0.3 Staves
 + Level 1.1 Ranged Weapons
 + Level 0.4 Throwing
 * Level 14.6 Armour
 + Level 11.1 Dodging
 + Level 2.3 Stealth
 + Level 11.9 Shields


You had 14 spell levels left.
You didn't know any spells.
Your spell library was empty.

Dungeon Overview and Level Annotations

Branches:
Dungeon (15/15)            Temple (0/1) D:7            Lair (4/5) D:10
  Swamp (0/4) Lair:2       Spider (0/4) Lair:3          Orc (0/2) D:9
 Vaults (0/5) D:13         Depths (0/4) D:15         Bailey (visited)
  IceCv (visited)
  Slime: Lair:4-5

Altars:
Dithmenos
Elyvilon
Hepliaklqana
Nemelex Xobeh
Okawaru
Uskayaw
Vehumet
Yredelemnul
The Shining One

Shops:
D:1 :   D:11 [

Annotations:
D:12 3 runed translucent doors, grandjackal's ghost, journeyman DsGl


Innate Abilities, Weirdness & Mutations

You have a pair of horns on your head.
You reflexively headbutt those who attack you in melee.
You have sharp fingernails.
You are partially covered in large bone plates. (SH +4)
You are weak. (Str -2)
You occasionally lose the ability to read scrolls when taking damage.
You passively dampen the noise of your surroundings.


Message History

Your +7 quarterstaff of chaos is briefly surrounded by a scintillating aura of random colours.
n - a +7 quarterstaff of chaos (weapon)
The eight-headed hydra bites you.
The eight-headed hydra barely misses you.
The eight-headed hydra completely misses you.
The eight-headed hydra barely misses you.
The eight-headed hydra completely misses you.
The eight-headed hydra bites you.
The eight-headed hydra bites you but does no damage.
The eight-headed hydra closely misses you.
Your skin crawls.
You feel strong-willed. The eight-headed hydra bites you.
The eight-headed hydra closely misses you.
You block the eight-headed hydra's attack.
The eight-headed hydra bites you!
* * * LOW HITPOINT WARNING * * *
The eight-headed hydra completely misses you.
The eight-headed hydra misses you.
The eight-headed hydra completely misses you.
The eight-headed hydra closely misses you.
You barely miss the eight-headed hydra. The eight-headed hydra misses you.
The eight-headed hydra completely misses you.
The eight-headed hydra bites you!
* * * LOW HITPOINT WARNING * * *
The eight-headed hydra misses you. x2
The eight-headed hydra closely misses you.
The eight-headed hydra bites you but does no damage.
The eight-headed hydra completely misses you.
You sock the eight-headed hydra! You burn the eight-headed hydra.
You headbutt the eight-headed hydra!
The eight-headed hydra is moderately wounded.
The eight-headed hydra bites you!
* * * LOW HITPOINT WARNING * * *
The eight-headed hydra barely misses you.
The eight-headed hydra bites you!
* * * LOW HITPOINT WARNING * * *
The eight-headed hydra completely misses you.
The eight-headed hydra bites you!
You die...

#.#####..#PP.## ###
#..##### ###..# ##
#...#### ###P###
##'.#.#.#. #<.....
#...†..... #^.....
#..†...... ##......
#.>....[...##.......
#..@.............?..
#..D......###..†....
#......... ##......
#..##..###. ##.#..#
### ..# ##..## ..#
##..... ... ##.#....
###.#.....
+.........


You could see an eight-headed hydra.

Vanquished Creatures
  Gastronok (Lair:2)
  An orc warlord (Bailey)
  A reaper (IceCv)
  An entropy weaver (shapeshifter) (D:14)
  Josephine (Lair:4)
  A hydra (D:15)
  A catoblepas (Lair:3)
  A sphinx zombie (D:15)
  An ogre mage (D:13)
  A death knight (D:15)
  Erica (D:9)
  5 centaur warriors
  5 boulder beetles
  7 occultists (D:13)
  A tengu warrior (D:15)
  5 two-headed ogres
  The ghost of BigPumpCobain the Grappler, a novice TrSh of Okawaru (D:7)
  Urug (D:11)
  A skyshark (Lair:3)
  The ghost of IsekaiLord the Mimic, a novice DsSh (D:6)
  A pharaoh ant (Lair:3)
  4 skeletal warriors (D:15)
  2 spriggan druids (Lair:2)
  Lodul (D:10)
  A flayed ghost (D:15)
  4 arcanists (D:13)
  Pikel (D:7)
  A necromancer (D:15)
  An orc knight (Bailey)
  6 cyclopes
  6 deep elf pyromancers
  5 manticores
  21 ugly things
  7 elephants
  A guardian serpent (shapeshifter) (D:14)
  An ice statue (IceCv)
  A black mamba (Lair:1)
  5 cane toads
  3 gargoyles
  Jeremiah (D:8)
  7 komodo dragons
  An efreet (D:14)
  3 tengu conjurers
  4 yaktaurs (D:13)
  An ice devil (IceCv)
  3 freezing wraiths
  2 queen bees (shapeshifter)
  A polar bear (Lair:1)
  3 meliai (D:15)
  6 trolls
  12 blink frogs
  2 hornets
  Prince Ribbit (D:7)
  A tarantella (shapeshifter) (D:15)
  A spriggan zombie (D:15)
  18 slime creatures
  A jumping spider (Lair:3)
  4 water elementals (D:14)
  6 wraiths
  A shadow (D:11)
  3 wyverns
  39 yaks
  A basilisk (D:11)
  Grum (D:8)
  A death yak simulacrum (IceCv)
  A redback (Lair:3)
  14 vampire mosquitoes
  Menkaure (D:6)
  A steam dragon (D:9)
  2 acid dragons
  A warg (D:6)
  A hydra simulacrum (IceCv)
  7 water moccasins
  2 ice beasts (D:7)
  13 orc warriors
  4 sky beasts
  2 black bears
  A boggart (D:13)
  20 wolves
  14 ogres
  11 centaurs
  A phantom (D:6)
  17 kobold brigands
  2 lemures (D:7)
  9 bullfrogs
  Blork the orc (D:6)
  2 gnoll sergeants
  4 scorpions
  A cane toad simulacrum (IceCv)
  4 wights (D:6)
  12 killer bees
  An elephant simulacrum (IceCv)
  9 howler monkeys
  An electric eel (D:14)
  8 orc priests
  13 hounds (D:6)
  2 jellies
  3 gnoll boudas
  Crazy Yiuf (D:2)
  An iguana (D:7)
  18 orc wizards
  A spriggan simulacrum (IceCv)
  2 troll simulacra (IceCv)
  Robin (D:2)
  34 gnolls
  2 naga simulacra (IceCv)
  11 adders
  2 shadow imps (D:7)
  4 white imps (IceCv)
  4 dart slugs
  30 orcs
  6 ball pythons
  5 endoplasms
  3 giant cockroaches
  22 goblins
  16 hobgoblins
  3 jackals (D:2)
  4 quokkas
  7 bats
  5 frilled lizards
  26 kobolds
  9 rats
636 creatures vanquished.

Vanquished Creatures (collateral kills)
  An ice statue (IceCv)
  4 ice devils (IceCv)
  A dire elephant simulacrum (IceCv)
  A death yak simulacrum (IceCv)
  An elephant simulacrum (IceCv)
  2 white imps (IceCv)
  2 ufetubi (IceCv)
12 creatures vanquished.

Grand Total: 648 creatures vanquished

Notes
Turn   | Place    | Note
-------+----------+-------------------------------------------
     0 | D:1      | servayboy121 the Minotaur Berserker began the quest for the
                  | Orb.
     0 | D:1      | Reached XP level 1. HP: 19/19 MP: 0/0
   136 | D:1      | Reached skill level 4 in Axes
   151 | D:1      | Reached XP level 2. HP: 26/27 MP: 1/1
   323 | D:1      | Found a faded altar of an unknown god.
   346 | D:1      | Found Jibiypn's Vocational Training.
   855 | D:2      | Reached XP level 3. HP: 33/33 MP: 2/2
   877 | D:2      | Noticed Robin
   885 | D:2      | Reached ** piety under Trog
   887 | D:2      | Killed Robin
   894 | D:2      | Reached skill level 5 in Axes
   894 | D:2      | Reached XP level 4. HP: 24/41 MP: 3/3
  1769 | D:2      | Found a runed translucent door.
  1770 | D:2      | Noticed Crazy Yiuf
  1777 | D:2      | Killed Crazy Yiuf
  1778 | D:2      | Reached XP level 5. HP: 47/47 MP: 1/4
  2520 | D:3      | Identified a scroll of acquirement
  2520 | D:3      | Acquired the +10 war axe "Ucerub" {speed, rElec rPois
                  | Will+}
  3028 | D:4      | Reached skill level 6 in Axes
  3039 | D:4      | Reached *** piety under Trog
  3403 | D:5      | Entered Level 5 of the Dungeon
  3437 | D:5      | Reached skill level 5 in Fighting
  3441 | D:5      | Reached XP level 6. HP: 56/56 MP: 0/5
  3599 | D:5      | Found an iron altar of Okawaru.
  3867 | D:5      | Reached skill level 7 in Axes
  3942 | D:5      | Reached XP level 7. HP: 61/61 MP: 0/6
  4363 | D:6      | Found a white marble altar of Elyvilon.
  4383 | D:6      | Noticed Blork the orc
  4391 | D:6      | Killed Blork the orc
  4432 | D:6      | Reached skill level 8 in Axes
  4722 | D:6      | Reached skill level 9 in Axes
  4769 | D:6      | Gained mutation: Your mind is acute. (Int +4, Str/Dex -1)
                  | [potion of mutation]
  4769 | D:6      | Gained mutation: You are agile. (Dex +4, Str/Int -1)
                  | [potion of mutation]
  4769 | D:6      | Gained mutation: You occasionally lose the ability to read
                  | scrolls when taking damage. [potion of mutation]
  4870 | D:6      | Lost mutation: Your mind is acute. (Int +4, Str/Dex -1)
                  | [potion of mutation]
  4870 | D:6      | Lost mutation: You are agile. (Dex +4, Str/Int -1) [potion
                  | of mutation]
  4870 | D:6      | Gained mutation: You are partially covered in large bone
                  | plates. (SH +4) [potion of mutation]
  4870 | D:6      | Gained mutation: You are weak. (Str -2) [potion of
                  | mutation]
  4870 | D:6      | Gained mutation: Your flesh is heat resistant. (rF+)
                  | [potion of mutation]
  4870 | D:6      | Gained mutation: You have large cloven feet. [potion of
                  | mutation]
  4871 | D:6      | Lost mutation: You have large cloven feet. [potion of
                  | mutation]
  4871 | D:6      | Lost mutation: You are weak. (Str -2) [potion of mutation]
  4871 | D:6      | Gained mutation: You are somewhat resistant to further
                  | mutation. [potion of mutation]
  4872 | D:6      | Lost mutation: You are somewhat resistant to further
                  | mutation. [potion of mutation]
  4872 | D:6      | Lost mutation: Your flesh is heat resistant. (rF+) [potion
                  | of mutation]
  4872 | D:6      | Gained mutation: You are weak. (Str -2) [potion of
                  | mutation]
  4872 | D:6      | Gained mutation: You passively dampen the noise of your
                  | surroundings. [potion of mutation]
  4872 | D:6      | Gained mutation: You have sharp fingernails. [potion of
                  | mutation]
  4919 | D:6      | Reached XP level 8. HP: 61/69 MP: 0/7
  4941 | D:6      | Reached skill level 5 in Armour
  4947 | D:6      | Reached skill level 1 in Shields
  5077 | D:6      | Reached **** piety under Trog
  5133 | D:6      | Reached skill level 10 in Axes
  5307 | D:6      | Found a runed translucent gate.
  5307 | D:6      | Found a runed translucent gate.
  5307 | D:6      | Found a runed translucent gate.
  5309 | D:6      | Noticed IsekaiLord's ghost (novice DsSh)
  5337 | D:6      | Reached skill level 11 in Axes
  5337 | D:6      | Killed IsekaiLord's ghost
  5338 | D:6      | Reached skill level 12 in Axes
  5338 | D:6      | Reached XP level 9. HP: 64/75 MP: 0/8
  5340 | D:6      | Reached skill level 1 in Stealth
  5807 | D:6      | Reached skill level 13 in Axes
  6005 | D:6      | Noticed a troll
  6005 | D:6      | Noticed Menkaure
  6012 | D:6      | Killed Menkaure
  6013 | D:6      | Reached ***** piety under Trog
  6016 | D:6      | Killed a troll
  6017 | D:6      | Reached skill level 14 in Axes
  6020 | D:6      | Reached XP level 10. HP: 84/84 MP: 1/9
  6630 | D:7      | Noticed Pikel
  6631 | D:7      | Noticed Prince Ribbit
  6642 | D:7      | Killed Pikel
  6645 | D:7      | Killed Prince Ribbit
  6646 | D:7      | Reached skill level 15 in Axes
  6847 | D:7      | Found a staircase to the Ecumenical Temple.
  6949 | D:7      | Noticed BigPumpCobain's ghost (novice TrSh)
  6960 | D:7      | Found a transporter.
  6966 | D:7      | Found a transporter.
  6966 | D:7      | Noticed a gargoyle
  6972 | D:7      | Found a shadowy altar of Dithmenos.
  7048 | D:7      | Found a glowing golden altar of the Shining One.
  7055 | D:7      | Found a sparkling altar of Nemelex Xobeh.
  7078 | D:7      | Found a hazy altar of Hepliaklqana.
  7603 | D:8      | Found a hide-covered altar of Uskayaw.
  7609 | D:8      | Noticed Grum
  7625 | D:8      | Killed Grum
  7722 | D:8      | Noticed Jeremiah
  7730 | D:8      | Killed Jeremiah
  7889 | D:8      | Found a basalt altar of Yredelemnul.
  8206 | D:8      | Reached skill level 16 in Axes
  8481 | D:9      | Reached skill level 5 in Shields
  8483 | D:9      | Reached XP level 11. HP: 94/94 MP: 0/10
  8497 | D:9      | Found a radiant altar of Vehumet.
  8673 | D:9      | Noticed Erica
  8684 | D:9      | Killed Erica
  9016 | D:9      | Received a gift from Trog
  9468 | D:9      | Found a staircase to the Orcish Mines.
  9592 | D:10     | Entered Level 10 of the Dungeon
  9688 | D:10     | Reached skill level 17 in Axes
  9693 | D:10     | Found a flagged portal.
  9726 | Bailey   | Entered a bailey
  9734 | Bailey   | Noticed an orc warlord
  9769 | Bailey   | Noticed an orc knight
  9781 | Bailey   | Killed an orc knight
  9850 | Bailey   | Found a runed translucent gate.
  9850 | Bailey   | Found a runed translucent gate.
  9850 | Bailey   | Found a runed translucent gate.
 10110 | Bailey   | Killed an orc warlord
 10137 | Bailey   | Identified the staff of Neisat {rElec rN+ Air}
 10146 | Bailey   | Reached XP level 12. HP: 105/105 MP: 11/11
 10179 | D:10     | Noticed Lodul
 10195 | D:10     | Killed Lodul
 10314 | D:10     | Reached XP level 13. HP: 113/113 MP: 9/12
 10470 | D:10     | Found a staircase to the Lair.
 10653 | D:10     | Reached skill level 10 in Fighting
 10657 | D:10     | Reached skill level 18 in Axes
 11005 | D:11     | Noticed Urug
 11014 | D:11     | Killed Urug
 11314 | D:11     | Reached skill level 10 in Armour
 11357 | D:11     | Identified the +3 robe of Tilarav {rCorr Dex+3}
 11449 | D:11     | Found Enang's Armour Boutique.
 11473 | D:11     | Bought a +0 pair of boots for 67 gold pieces
 11473 | D:11     | Bought a scarf of shadows for 180 gold pieces
 12531 | D:12     | Reached ****** piety under Trog
 12604 | D:12     | Found a runed translucent gate.
 12604 | D:12     | Noticed a frost giant
 12605 | D:12     | Found a runed translucent gate.
 12606 | D:12     | Found a runed translucent gate.
 12607 | D:12     | Noticed grandjackal's ghost (journeyman DsGl)
 12630 | D:12     | Found the ring of the Mage {Wiz Archmagi}
 13102 | D:7      | Killed BigPumpCobain's ghost
 13118 | D:7      | Reached skill level 19 in Axes
 13971 | D:13     | Received a gift from Trog
 14514 | D:13     | Reached XP level 14. HP: 125/125 MP: 0/13
 14947 | D:13     | Reached skill level 20 in Axes
 15035 | D:13     | Identified the +6 dagger "Wuinemud" {vamp, Stlth+}
 15067 | D:13     | Received a gift from Trog
 15076 | D:13     | Reached skill level 10 in Dodging
 15253 | D:13     | Found a gate to the Vaults.
 15789 | D:14     | Reached skill level 10 in Shields
 15920 | D:14     | Acquired a manual of Armour
 16468 | D:15     | Entered Level 15 of the Dungeon
 16627 | D:15     | Received a gift from Trog
 16628 | D:15     | Found a staircase to the Depths.
 17050 | D:15     | Reached skill level 21 in Axes
 17104 | D:15     | Reached XP level 15. HP: 58/136 MP: 0/14
 18077 | Lair:1   | Entered Level 1 of the Lair of Beasts
 19490 | Lair:2   | Found a frozen archway.
 19506 | IceCv    | Entered an ice cave
 19758 | IceCv    | Received a gift from Trog
 20641 | Lair:2   | Noticed Gastronok
 20655 | Lair:2   | Killed Gastronok
 21086 | Lair:2   | Found a staircase to the Swamp.
 21633 | Lair:3   | Reached skill level 1 in Ranged Weapons
 21692 | Lair:3   | Found a hole to the Spider Nest.
 21700 | Lair:3   | Reached skill level 22 in Axes
 22045 | Lair:3   | Identified the +0 buckler of Ignis's Delight {Fly}
 22832 | Lair:4   | Noticed Josephine
 22847 | Lair:4   | Killed Josephine
 23053 | Lair:4   | HP: 3/138 [eight-headed hydra (10)]
 23053 | Lair:4   | Mangled by an eight-headed hydra

Illustrated notes

Levels and vault maps discovered:
D:1:      spicycebolla_arrival_risky_transporter, layout_basic,
          shapermc_ecumenical_altar_starsandcircs, nicolae_shop_vocational
D:2:      layout_rooms, minmay_pentomino_q2, uniq_crazy_yiuf_cottage, uniq_robin
D:3:      layout_rooms
D:4:      layout_loops_ring, serial_library_hellmonk_big_corner
D:5:      layout_cave_pods, kennysheep_okawaru_gauntlet
D:6:      lemuel_castle_with_subvaults [lemuel_castle_interior_carwin_2],
          layout_loops_corners, elyvilon_altar_4, gammafunk_ghost_nasty_kobolds,
          uniq_menkaure, uniq_blork_the_orc
D:7:      layout_loops_cross, nicolae_dithmenos_the_darkroom, minitemple,
          minmay_temple_entry_statues_fountains, nzn_ghost_randoct,
          uniq_prince_ribbit1, uniq_pikel
D:8:      layout_cave_pods, nicolae_uskayaw_suspiria,
          mainiacjoe_overflow_alcove_2, uniq_jeremiah, uniq_grum
D:9:      minmay_weird_star, layout_cave_pools, vehumet_crystals, david_orc_4,
          uniq_erica
D:10:     layout_loops_cross, lair_entry_dummy, enter_bailey_5, uniq_lodul
D:11:     layout_grid_maze, serial_shops, nicolae_shop_waterfront, uniq_urug
D:12:     layout_rooms, gammafunk_ghost_split, amcnicky_mini_pool_small
D:13:     minmay_tri_stars, layout_loops_ring,
          hangedman_vaults_entry_quadrant_bands
D:14:     layout_cave_pools, roderic_roman_lattice, serial_bayou_lake_a
D:15:     gammafunk_depths_entry_grave, layout_grid_maze, small_statue_alley_a
Lair:1:   layout_regular_city
Lair:2:   layout_layer_cave, mainiacjoe_swamp_entry_angry_trees,
          portal_ice_cave_entry_pillars_2, lemuel_fruit_tree, uniq_gastronok
Lair:3:   layout_gridlike, nicolae_spider_entry_lesser_pyramids,
          nicolae_lair_lil_pond
Lair:4:   layout_roguey, nicolae_slime_entry_slimehenge, lemuel_fruit_fields,
          serial_bayou_shore_b, uniq_josephine

Skill      XL: |  1  2  3  4  5  6  7  8  9 10 11 12 13 14 15 |
---------------+----------------------------------------------+-----
Axes           | 4 5 6 7 9 12 14 16 17 19 21 22 | 22.1
Fighting       | 4 5 6 7 9 11 13 14 | 14.3
Dodging        | 3 9 10 11 | 11.1
Armour         | 3 4 6 8 9 11 12 14 | 14.6
Shields        | 1 2 5 6 7 9 11 | 11.9
Stealth        | 1 2 |  2.3
Ranged Weapons | 1 |  1.1
Staves         | |  0.3
Throwing       | |  0.4

Action                     |  1- 3 |  4- 6 |  7- 9 | 10-12 | 13-15 || total
---------------------------+-------+-------+-------+-------+-------++-------
  Melee: Hand axe          |    71 |    47 |       |       |       ||   118
         Headbutt          |     9 |     7 |    18 |    47 |   219 ||   300
         War axe           |       |    54 |   134 |   297 |   851 ||  1336
         Quarterstaff      |       |    21 |       |       |     2 ||    23
         Punch             |       |       |     1 |       |       ||     1
   Fire: Hand cannon       |       |       |       |       |     2 ||     2
  Throw: Boomerang         |       |       |       |       |     3 ||     3
 Invoke: Berserk           |     1 |     3 |     4 |     6 |     7 ||    21
         Brothers in Arms  |       |       |       |     1 |     2 ||     3
         Trog's Hand       |       |       |       |       |     3 ||     3
    Use: Scroll            |       |     9 |       |    13 |     6 ||    28
         Potion            |       |       |     8 |     2 |     2 ||    12
   Stab: Sleeping          |       |     3 |       |       |     3 ||     6
 Armour: Animal skin       |    41 |    46 |       |       |       ||    87
         Chain mail        |       |    34 |    13 |       |       ||    47
         Plate armour      |       |       |    57 |   109 |    16 ||   182
         Scale mail        |       |       |       |       |   122 ||   122
         Skin              |       |       |       |       |   142 ||   142
  Dodge: Dodged            |    40 |    73 |    38 |    37 |   285 ||   473
  Block: Other             |       |     8 |    26 |       |     1 ||    35
         Reflection        |       |       |     6 |     6 |       ||    12
         Kite shield       |       |       |    26 |   157 |   463 ||   646

Table legend: (Time is in decaauts)
 A = Elapsed time spent in this place.
 B = Non-inter-level travel time spent in this place.
 C = Inter-level travel time spent in this place.
 D = Time resting spent in this place.
 E = Time spent auto-exploring this place.
 F = Levels seen in this place.
 G = Mean time per level.
                   A        B        C        D        E       F      G
               +--------+--------+--------+--------+--------+-----+--------+
         Total |  22736 |  21363 |   1373 |   2583 |  15359 |  21 | 1082.7 |
       Dungeon |  17448 |  16224 |   1224 |   2280 |  11373 |  15 | 1163.2 |
          Lair |   4317 |   4168 |    149 |    152 |   3579 |   4 | 1079.2 |
        Bailey |    442 |    442 |      0 |     60 |    250 |   1 |  442.0 |
      Ice Cave |    527 |    527 |      0 |     91 |    156 |   1 |  527.0 |
               +--------+--------+--------+--------+--------+-----+--------+

Top non-repeatable levels by time:
     D:6: 2235 daAuts
    D:13: 1824 daAuts
  Lair:2: 1586 daAuts
    D:15: 1457 daAuts
     D:7: 1343 daAuts
    D:11: 1278 daAuts
  Lair:1: 1248 daAuts
     D:9: 1196 daAuts
  Lair:3: 1141 daAuts
     D:2: 1137 daAuts
    D:14: 1107 daAuts
    D:10: 974 daAuts
     D:5: 939 daAuts
     D:8: 908 daAuts
     D:4: 872 daAuts
